 Dungeon Crawl Stone Soup version 0.27.0-1-g7a089689b8 (webtiles) character file.

Game seed: 9920756226504717398

541233 DildoBatman the Metallomancer (level 27, 0/205 HPs)
             Began as a Formicid Conjurer on Aug 8, 2021.
             Was an Initiate of Gozag.
             Slain by a bennu (7 damage)
             ... on level 3 of the Tomb of the Ancients on Aug 11, 2021.
             The game lasted 05:19:49 (58055 turns).

DildoBatman the Metallomancer (Formicid Conjurer)  Turns: 58055, Time: 05:19:49

Health: 0/205      AC: 31    Str:  9    XL:     27
Magic:  0/48       EV:  9    Int: 35    God:    Gozag
Gold:   11086      SH:  0    Dex: 27    Spells: 15/56 levels left

rFire    + . .     SeeInvis +   a - +6 Majin-Bo {vamp, MP+6 Int+6}
rCold    . . .     Faith    .   G - +0 tower shield {reflect}
rNeg     + + +     Spirit   +   H - +4 moon troll leather armour {Spirit, Regen++ MP+5}
rPois    ∞         Reflect  +   (helmet unavailable)
rElec    +         Harm     .   x - +1 cloak
rCorr    +         Rampage  .   W - +1 pair of gloves "Oskiargh" {+Inv Will+ Str-5 Dex+3}
Will     ++++.     Clarity  +   M - +3 pair of boots of Coufecoc {rC- Int+4}
Stlth    +++.......             r - amulet of Vitality {Regen+ HP+15}
HPRegen  3.44/turn              e - ring of Jagif {rElec rC- AC+4 Int+5 SInv}
MPRegen  0.31/turn              Q - +6 ring of dexterity

@: mighty, brilliant, lich-form, resistant, marked, very slightly contaminated,
held, invisible
A: draining attack, torment immunity, no potions, permanent stasis, dig shafts
and tunnels, antennae 3, four strong arms, iridescent scales 1, clarity, dopey
1, low mp 1, strong 1, evolution 1, MP-powered wands
}: 2/15 runes: decaying, gossamer
a: Dig, Shaft Self, End Transformation, Renounce Religion, Evoke Invisibility,
Potion Petition, Call Merchant, Bribe Branch


You were on level 3 of the Tomb of the Ancients.
You worshipped Gozag.
Gozag was extremely pleased with you.
You were an undead lich.
You visited 10 branches of the dungeon, and saw 45 of its levels.
You also visited: Gauntlet, Ice Cave and Wizlab.

You collected 18462 gold pieces.
You spent 3608 gold pieces at shops.
You paid 3768 gold pieces to Gozag.

Inventory:

Hand Weapons
 a - the +6 Majin-Bo (weapon) {vamp, MP+6 Int+6}
   (You found it on level 3 of the Lair of Beasts)

   It occasionally heals its wielder for a portion of the damage dealt when they
   wound a living foe with it or with a spell.
   Its wielder's spells cost health as well as magical power.
   Int:       It affects your intelligence (+6).
   MP:        It affects your magic capacity (+6).
 b - the +9 hand crossbow of Ulu Kefut {penet, rF+}
   (You found it on level 3 of the Elven Halls)

   Any ammunition fired by it passes through the targets it hits, potentially
   hitting all targets in its path until it reaches maximum range.
   rF:        It protects you from fire.
 h - the +7 falchion "Puakigups" {drain, Fly rN+ Dex+4}
   (You took it off a minotaur in a Gauntlet)

   A truly terrible weapon, it drains the life of any living foe it strikes.
   Dex:       It affects your dexterity (+4).
   rN:        It protects you from negative energy.
   Fly:       It grants you flight.
Missiles
 j - 3 throwing nets
 n - 1080 bolts
 E - 1579 arrows
 N - 322 sling bullets
Armour
 x - a +1 cloak (worn)
 G - a +0 tower shield of reflection (worn)
 H - the +4 moon troll leather armour (worn) {Spirit, Regen++ MP+5}
   (You took it off a deep elf knight on level 2 of the Elven Halls)

   MP:        It affects your magic capacity (+5).
   Regen:     It increases your rate of health regeneration.
 M - the +3 pair of boots of Coufecoc (worn) {rC- Int+4}
   (You bought it in a shop on level 13 of the Dungeon)

   Int:       It affects your intelligence (+4).
   rC:        It makes you vulnerable to cold.
 W - the +1 pair of gloves "Oskiargh" (worn) {+Inv Will+ Str-5 Dex+3}
   (You bought it in a shop on level 3 of the Elven Halls)

   Str:       It affects your strength (-5).
   Dex:       It affects your dexterity (+3).
   +Inv:      It lets you turn invisible.
   Will:      It increases your willpower.
Magical Staves
 y - a staff of air
Jewellery
 e - the ring of Jagif (left hand) {rElec rC- AC+4 Int+5 SInv}
   (You found it on level 3 of the Crypt)

   [ring of protection]

   AC:        It affects your AC (+4).
   Int:       It affects your intelligence (+5).
   rC:        It makes you vulnerable to cold.
   rElec:     It insulates you from electricity.
   SInv:      It lets you see invisible.
 g - an amulet of reflection
 r - the amulet of Vitality (around neck) {Regen+ HP+15}
   (You found it on level 1 of the Spider Nest)

   [amulet of regeneration]

   HP:        It affects your health (+15).
   Regen:     It increases your rate of health regeneration.
 w - the ring of Dim Light {rC+ rN+ Str+6 Int+3}
   (You found it in a wizard's laboratory)

   [ring of protection from cold]

   Str:       It affects your strength (+6).
   Int:       It affects your intelligence (+3).
   rC:        It protects you from cold.
   rN:        It protects you from negative energy.
 Q - a +6 ring of dexterity (right hand)
 S - a +6 ring of intelligence
 Z - a ring of protection from fire
Wands
 v - a wand of iceblast (85)
 F - a wand of acid (28)
Scrolls
 d - a scroll of amnesia
 l - 2 scrolls of summoning
 m - 9 scrolls of immolation
 z - 13 scrolls of identify
 C - 12 scrolls of magic mapping
 L - 2 scrolls of fear
 R - 3 scrolls of torment
 U - 4 scrolls of holy word
 Y - 7 scrolls of fog
Potions
 f - 3 potions of mutation
 i - 15 potions of brilliance
 k - 3 potions of invisibility
 q - 24 potions of curing
 s - 11 potions of cancellation
 t - 4 potions of ambrosia
 u - 5 potions of magic
 B - 11 potions of heal wounds
 I - 7 potions of might
 P - 2 potions of resistance
Miscellaneous
 D - a tin of tremorstones (2/2)
 K - a lightning rod (4/4)
 O - a phantom mirror
 V - a box of beasts (quivered)
 X - a condenser vane


   Skills:
 - Level 10.0 Fighting
 - Level 3.0 Long Blades
 - Level 3.0(4.2) Polearms
 - Level 4.5(5.0) Staves
 - Level 6.0 Crossbows
 - Level 10.0 Armour
 - Level 7.0 Dodging
 - Level 2.4 Stealth
 - Level 20.0 Shields
 - Level 15.0 Spellcasting
 - Level 8.0 Conjurations
 - Level 20.0 Necromancy
 - Level 20.0 Transmutations
 - Level 8.0 Fire Magic
 - Level 10.0 Ice Magic
 * Level 21.5 Earth Magic
 - Level 12.0 Evocations


You had 15 spell levels left.
You knew the following spells:

 Your Spells              Type           Power      Damage    Failure   Level
a - Borgnjor's Vile Clut  Necr/Erth      78%        N/A       0%          5
b - Shatter               Erth           66%        3d49*     26%         9
c - Dispel Undead         Necr           100%       3d31      0%          4
d - Necromutation         Tmut/Necr      77%        N/A       3%          8
e - Bolt of Magma         Conj/Fire/Erth 53%        4d21      1%          5
f - Conjure Flame         Conj/Fire      89%        6-21      1%          3
g - Frozen Ramparts       Ice            100%       1d12      1%          3
j - Passwall              Tmut/Erth      100%       N/A       0%          2
z - Sublimation of Blood  Necr           77%        N/A       0%          2

Your spell library contained the following spells:

 Spells                   Type           Power      Damage    Failure   Level
 Pain                     Necr           100%       1d9       0%          1
 Sandblast                Erth           100%       2d20      0%          1
 Wereblood                Tmut           100%       N/A       0%          2
 Stone Arrow              Conj/Erth      100%       3d13      0%          3
 Vampiric Draining        Necr           77%        2d17      0%          3
 Animate Dead             Necr           77%        N/A       0%          4
 Petrify                  Tmut/Erth      100%       N/A       0%          4
 Agony                    Necr           100%       N/A       0%          5
 Excruciating Wounds      Necr           77%        N/A       0%          5
 Lee's Rapid Deconstruct  Erth           66%        3d31*     0%          5
 Apportation              Tloc           78%        N/A       1%          1
 Corona                   Hex            43%        N/A       1%          1
 Freeze                   Ice            100%       1d11      1%          1
 Magic Dart               Conj           100%       1d8       1%          1
 Shock                    Conj/Air       100%       1d9       1%          1
 Sting                    Tmut/Pois      100%       1d8       1%          1
 Corpse Rot               Necr/Air       N/A        N/A       1%          2
 Ensorcelled Hibernation  Hex/Ice        100%       N/A       1%          2
 Searing Ray              Conj           100%       3d7       1%          2
 Dazzling Flash           Conj/Hex       100%       N/A       1%          3
 Inner Flame              Hex/Fire       69%        N/A       1%          3
 Spider Form              Tmut/Pois      48%        N/A       1%          3
 Hailstorm                Conj/Ice       93%        3d18      1%          4
 Ice Form                 Ice/Tmut       100%       N/A       1%          4
 Leda's Liquefaction      Hex/Erth       50%        N/A       1%          4
 Alistair's Intoxication  Tmut/Pois      64%        N/A       1%          5
 Fireball                 Conj/Fire      44%        3d18      1%          5
 Death Channel            Necr           77%        N/A       1%          6
 Statue Form              Tmut/Erth      87%        N/A       1%          6
 Dragon Form              Tmut           64%        N/A       1%          7
 Poisonous Vapours        Pois/Air       78%        N/A       2%          2
 Fulminant Prism          Conj/Hex       34%        3d16      3%          4
 Iskenderun's Mystic Bla  Conj/Tloc      69%        2d14      3%          4
 Borgnjor's Revivificati  Necr           77%        N/A       3%          8
 Infestation              Necr           77%        N/A       3%          8
 Eringya's Noxious Bog    Tmut/Pois      48%        N/A       4%          6
 Gell's Gravitas          Tloc           19%        N/A       5%          3
 Lesser Beckoning         Tloc           19%        N/A       5%          3
 Teleport Other           Tloc           39%        N/A       5%          3
 Tukima's Dance           Hex            39%        N/A       5%          3
 Metabolic Englaciation   Hex/Ice        37%        N/A       7%          5
 Airstrike                Air            19%        N/A       19%         4
 Cause Fear               Hex            19%        N/A       19%         4
 Olgreb's Toxic Radiance  Pois           39%        N/A       19%         4
 Passage of Golubria      Tloc           N/A        N/A       19%         4
 Summon Lightning Spire   Summ/Air       39%        N/A       19%         4
 Haunt                    Necr/Summ      60%        N/A       26%         7
 Lehudib's Crystal Spear  Conj/Erth      57%        10d13     28%         8
 Manifold Assault         Tloc           39%        N/A       45%         5
 Silence                  Hex/Air        19%        N/A       45%         5
 Summon Forest            Summ/Tloc      19%        N/A       45%         5
 Summon Mana Viper        Hex/Summ       39%        N/A       45%         5
 Death's Door             Necr           77%        N/A       45%         9
 Dispersal                Tloc           19%        N/A       96%         6
 Invisibility             Hex            19%        N/A       96%         6
 Shadow Creatures         Summ           N/A        N/A       96%         6
 Malign Gateway           Summ/Tloc      19%        N/A       100%        7
 Summon Hydra             Summ           19%        N/A       100%        7
 Discord                  Hex            19%        N/A       100%        8
 Dragon's Call            Summ           19%        N/A       100%        9
 Blink                    Tloc           Unusable   N/A       N/A         2
 Swiftness                Air            Unusable   N/A       N/A         3

Dungeon Overview and Level Annotations

Branches:
Dungeon (15/15)            Temple (1/1) D:6            Lair (6/6) D:8
  Swamp (4/4) Lair:4       Spider (4/4) Lair:4        Slime (0/5) Lair:6
    Orc (2/2) D:9             Elf (3/3) Orc:2        Vaults (4/5) D:14
  Crypt (3/3) Vaults:2       Tomb (3/3) Crypt:3      Depths (0/5) D:15
  IceCv (visited)          WizLab (visited)         Gauntlet (visited)

Altars:
Ashenzari
Cheibriados
Dithmenos
Elyvilon
Fedhas
Gozag
Hepliaklqana
Kikubaaqudgha
Makhleb
Nemelex Xobeh
Okawaru
Qazlal
Ru
Sif Muna
Trog
Uskayaw
Vehumet
Wu Jian
Xom
Yredelemnul
Zin
The Shining One
Beogh
Jiyva

Shops:
D:4 ?   D:6 =   D:13 [   Orc:1 *=   Orc:2 (=*([   Elf:3 =[?:[   Vaults:1 !
Vaults:3 [   Vaults:4 !


Innate Abilities, Weirdness & Mutations

You are an undead lich.
Your unarmed attacks are suffused with negative energy.
You are immune to unholy pain and torment.
Your necromantic spells are more powerful.
You are immune to poison.
You cannot drink.
You cannot be hasted, slowed, berserked, paralysed or teleported.
You can dig through walls and to a lower floor.
You have a pair of large antennae on your head. (SInv)
Your four strong arms can wield two-handed weapons with a shield.
You are partially covered in iridescent scales. (AC +2)
You possess an exceptional clarity of mind.
You are dopey. (Int -2)
Your magical capacity is low. (-10% MP)
Your muscles are strong. (Str +2)
You evolve.
You expend magic power (3 MP) to strengthen your wands.


Message History

The bennu claws you. The bennu barely misses you. The bennu pecks you.
The bennu sears you!! The bennu claws you!
The bennu claws you but does no damage.
A guardian mummy comes into view. It is wielding a +0 war axe.
The death scarab bites you but does no damage.
The bennu pecks you! The bennu sears you!!
The bennu claws you but does no damage. The bennu barely misses you.
The bennu pecks you! The bennu sears you!!
The bennu claws you but does no damage. The bennu claws you.
Unknown command.
You struggle against the net.
The death scarab bites you! The death scarab drains your vigour!
Your stasis prevents you from being slowed.
The death scarab closely misses you.
The bennu jubilantly flits about.
The bennu completely misses you. The bennu claws you. x2
The bennu pecks you but does no damage.
The bennu claws you but does no damage. x2
The death scarab closely misses you.
The ushabti shakes and rattles deafeningly!
The guardian mummy barely misses you.
Okay, then.
You struggle against the net.
The death scarab bites you but does no damage.
The death scarab closely misses you. The bennu pecks you. The bennu sears you!!
The bennu closely misses you. The bennu claws you!
You die...
Your body crumbles into a pile of gold.

##+### ###...^##
##$.!.^..##{
#$.....$.b##
##$$..(..MBL##
#$$.^....MbMM##{{{
#$$$.$....bzs.# {{
#$$$$$$$^M..sM##{{
#?$$$$$$$..zM..#{{..$.#
#$$$.$$$$(8.M.M#{{$MM.#$
##$$$$$$$$.Vs...{{{M$$..
##$!$$$$$W..W.#M{z.b.#.
##$$$$$)!.§..#MB..$...


You could see 2 royal mummies, 3 emperor scorpions, 3 bennus, an ancient
champion (fast), 2 mummy priests, a jiangshi (summoned), 6 guardian mummies, an
ushabti, 2 wraiths, a death scarab and a flying skull (summoned).

Vanquished Creatures
  Mennas (Vaults:2)
  25 royal mummies
  Boris (thrice) (Vaults:4 Crypt:2 Tomb:2)
  Bai Suzhen (Swamp:3)
  A curse toe (Crypt:3)
  Jory (Crypt:3)
  Nikola (Spider:3)
  A profane servitor (Crypt:3)
  A Hellbinder (WizLab)
  3 deep elf blademasters
  4 liches
  2 acid blobs (Lair:6)
  The ghost of Vuykkinei the Brawler, an adept TrBe of Trog (Spider:1)
  14 ancient champions
  10 sphinxes
  3 deep elf master archers (Elf:3)
  Frances (Swamp:2)
  Donald (Elf:2)
  A shadow dragon (Elf:2)
  4 thorn hunters
  A fenstrider witch (Swamp:2)
  4 revenants
  An azure jelly (Swamp:4)
  Roxanne (Swamp:1)
  An iron dragon (Elf:2)
  8 deep elf sorcerers
  6 emperor scorpions
  2 balrugs (WizLab)
  2 cacodemons (WizLab)
  11 vault wardens
  A black sun (WizLab)
  5 ghost moths (Spider:4)
  Aizul (Swamp:3)
  5 deep elf elementalists (Elf:3)
  3 orc warlords
  15 ironbound preservers
  Louise (Elf:2)
  13 ghouls
  9 very ugly things
  A stone giant (Orc:1)
  A quicksilver ooze (Lair:2)
  2 war gargoyles (Vaults:3)
  A reaper (Crypt:2)
  The ghost of Amet the Severer, a journeyman MiBe of Trog (Swamp:4)
  7 entropy weavers
  3 lorocyprocas (WizLab)
  2 vampire knights
  7 deep elf demonologists
  7 bennus
  2 minotaurs
  3 dire elephants
  3 deep elf annihilators (Elf:3)
  2 bunyips (Swamp:1)
  Azrael (D:14)
  2 spark wasps (Spider:4)
  9 deep elf death magi
  6 eleionomae
  6 eidola
  A crystal guardian (Vaults:3)
  3 ettins
  The ghost of Ixoagrun the Bludgeoner, a journeyman MiFi of Okawaru (Lair:2)
  The ghost of Kuidesed the Thaumaturge, a journeyman DrCj of Vehumet (Lair:1)
  A fire dragon (Elf:2)
  Josephine (D:12)
  A green death (Gauntlet)
  8 yaktaur captains
  23 mummy priests
  9 jiangshi
  9 deep elf high priests
  2 great orbs of eyes
  The ghost of Tiber the Struggler, a journeyman DsFi of Okawaru (Orc:2)
  2 hell beasts (WizLab)
  13 ironbound thunderhulks
  7 boulder beetles
  2 peacekeepers (Vaults:3)
  4 vault guards
  2 ghost crabs
  13 hydras
  4 ice dragons
  10 ironbound frosthearts
  A spriggan air mage (Swamp:1)
  An ogre mage (Orc:1)
  2 death knights
  16 centaur warriors
  A catoblepas (D:14)
  A two-headed ogre (shapeshifter) (Elf:1)
  4 alligators
  13 two-headed ogres
  3 spriggan berserkers
  A tengu warrior (D:14)
  15 death scarabs
  2 orc high priests (Orc:2)
  3 ironbound beastmasters
  2 titan zombies (Orc:1)
  6 vampire magi
  6 death yaks (Lair:6)
  A titan skeleton (Crypt:3)
  15 deep elf knights
  2 sun demons (WizLab)
  28 skeletal warriors
  3 storm dragon zombies
  A sixfirhy (WizLab)
  2 bunyip zombies (Swamp:3)
  An anaconda zombie (Crypt:3)
  A spark wasp zombie (Crypt:2)
  A tengu zombie (Vaults:3)
  45 deep trolls
  6 goliath frogs
  2 shadow wraiths
  2 flayed ghosts
  A quicksilver dragon simulacrum (Tomb:1)
  2 spriggan druids (Swamp:2)
  2 swamp dragons
  11 ironbound convokers
  A ghost moth zombie (Crypt:2)
  7 deep elf archers
  15 wizards
  5 phantasmal warriors
  7 lindwurms
  3 harpies (Vaults:2)
  A bunyip skeleton (Swamp:3)
  7 bog bodies
  31 deep elf pyromancers
  28 deep elf zephyrmancers
  24 orb spiders
  6 orc knights
  4 necromancers
  17 cyclopes
  4 orc sorcerers
  2 fire giant zombies
  34 wolf spiders
  An oklob plant (Lair:5)
  3 manticores
  35 ugly things
  9 elephants (Lair:6)
  6 will-o-the-wisps
  2 stone giant skeletons
  2 dire elephant zombies
  A frost giant skeleton (Crypt:3)
  2 rust devils (WizLab)
  10 moths of wrath
  6 black mambas
  3 smoke demons
  An elf zombie (Gauntlet)
  4 ice statues
  20 vault sentinels
  3 torpor snails
  28 cane toads
  9 freezing wraiths
  4 orange demons
  A dire elephant skeleton (Tomb:1)
  4 gargoyles
  15 demonic crawlers
  A rime drake (Lair:1)
  A tengu conjurer (D:13)
  A catoblepas zombie (D:15)
  10 komodo dragons
  24 yaktaurs
  2 hellwings (WizLab)
  An efreet (D:13)
  A swamp worm zombie (Crypt:3)
  A tormentor (WizLab)
  A white draconian skeleton (Crypt:1)
  An entropy weaver simulacrum (IceCv)
  42 guardian mummies
  2 red devils
  14 ice devils
  30 jumping spiders
  An iron troll skeleton (Crypt:1)
  6 trolls
  A polar bear (Lair:3)
  A wolf spider simulacrum (Crypt:1)
  3 bloated husks
  A yaktaur skeleton (D:15)
  16 hornets
  4 hydra zombies
  A hydra skeleton (D:15)
  15 tyrant leeches
  32 slime creatures
  22 blink frogs
  Grinder (D:5)
  3 ettin zombies
  6 dream sheep (Lair:4)
  A fire dragon zombie (D:14)
  The ghost of ardl the Chopper, an amateur GrMo of Elyvilon (D:6)
  A fire dragon skeleton (Crypt:3)
  2 shadows (D:11)
  2 water elementals
  13 spriggans
  A black mamba zombie (Gauntlet)
  31 tarantellas
  2 dire elephant simulacra (IceCv)
  A spriggan zombie (Gauntlet)
  8 flying skulls
  45 redbacks
  7 air elementals
  A wyvern (Lair:5)
  8 wraiths
  40 yaks
  18 ushabtiu
  4 basilisks
  5 fire elementals
  Eustachio (D:5)
  4 chaos spawn
  3 death yak simulacra (IceCv)
  3 steam dragons
  A neqoxec (Gauntlet)
  2 swamp worm simulacra (Swamp:4)
  An infernal demonspawn zombie (Crypt:1)
  2 elf skeletons
  16 vampire mosquitoes
  13 swamp worms
  A torturous demonspawn zombie (Crypt:3)
  3 acid dragons
  11 wargs
  Menkaure (D:4)
  A harpy simulacrum (D:15)
  14 water moccasins
  14 hydra simulacra (Swamp:4)
  A gelid demonspawn skeleton (Crypt:3)
  2 hell hounds (D:14)
  An ogre skeleton (D:14)
  2 swamp drakes (Swamp:1)
  4 ice beasts
  A dream sheep zombie (Crypt:1)
  A hornet zombie (D:7)
  52 orc warriors
  6 black bears
  2 manticore zombies
  6 necrophages
  An orc zombie (D:13)
  A spriggan simulacrum (Swamp:3)
  A snapping turtle skeleton (Crypt:3)
  4 boggarts
  11 ogres
  3 swamp dragon skeletons (Swamp:3)
  10 centaurs
  8 wolves
  2 orc skeletons
  A manticore skeleton (Crypt:3)
  Blork the orc (D:3)
  3 kobold brigands
  A gnoll sergeant (D:9)
  19 bullfrogs
  2 scorpions
  2 cyclops zombies (Orc:1)
  3 wyvern zombies (D:7)
  A komodo dragon skeleton (Crypt:3)
  An earth elemental (Elf:2)
  A warg zombie (Orc:2)
  A water moccasin zombie (Gauntlet)
  A cyclops skeleton (D:13)
  A troll zombie (D:15)
  2 water moccasin skeletons
  A yak zombie (D:12)
  2 elephant simulacra (IceCv)
  5 killer bees (D:11)
  3 wights
  5 electric eels
  A howler monkey (D:5)
  A yak skeleton (D:9)
  3 crimson imps (Gauntlet)
  A bullfrog zombie (D:6)
  A wyvern simulacrum (D:6)
  5 centaur zombies
  4 jellies
  2 hounds
  A black bear skeleton (Crypt:3)
  39 orc priests
  A basilisk zombie (Crypt:2)
  2 gnoll shamans
  5 human zombies
  A bullfrog skeleton (D:6)
  4 centaur skeletons
  3 human skeletons (Crypt:1)
  Terence (D:2)
  Natasha (thrice) (D:2)
  5 iguanas
  20 orc wizards
  A polar bear simulacrum (IceCv)
  A wolf simulacrum (IceCv)
  3 killer bee zombies
  2 centaur simulacra
  A dwarf zombie (Crypt:2)
  A felid skeleton (Crypt:1)
  A kobold skeleton (D:14)
  2 ogre zombies
  A hound zombie (Crypt:1)
  50 mummies
  A killer bee simulacrum (D:6)
  A howler monkey zombie (Crypt:3)
  14 gnolls
  8 adders
  A shadow imp (D:7)
  6 white imps
  6 ufetubi
  6 swamp drake simulacra (Swamp:4)
  2 adder skeletons
  4 worms
  A barachi zombie (Crypt:3)
  4 dart slugs
  124 orcs
  5 bats
  5 endoplasms
  2 giant cockroaches
  10 goblins
  7 hobgoblins
  4 jackals (D:2)
  2 quokkas (D:1)
  3 ball pythons
  2 ball python zombies (D:13)
  3 frilled lizards
  A frilled lizard skeleton (Crypt:3)
  A gnoll skeleton (D:15)
  A goblin zombie (D:15)
  A hobgoblin skeleton (D:9)
  A hobgoblin zombie (D:13)
  21 kobolds
  A kobold zombie (Crypt:2)
  7 rats
  2 rat zombies (D:14)
  2 bushes (Lair:5)
2048 creatures vanquished.

Vanquished Creatures (others)
  2 bennus (Tomb:3)
  22 dancing weapons
  A swamp dragon (Swamp:4)
  An orc priest (Elf:2)
  2 orcs (Elf:2)
  11 demonic plants (Gauntlet)
  6 foxfires
  21 fungi
  128 plants
  9 toadstools (Swamp:3)
203 creatures vanquished.

Grand Total: 2251 creatures vanquished

Notes
Turn   | Place    | Note
-------+----------+-------------------------------------------
     0 | D:1      | DildoBatman the Formicid Conjurer began the quest for the
                  | Orb.
     0 | D:1      | Reached XP level 1. HP: 13/13 MP: 3/3
   167 | D:1      | Reached XP level 2. HP: 18/19 MP: 1/5
   170 | D:1      | Learned a level 2 spell: Searing Ray
   291 | D:1      | Reached XP level 3. HP: 18/24 MP: 1/6
   617 | D:2      | Reached skill level 1 in Fighting
   689 | D:2      | Found a faded altar of an unknown god.
   784 | D:2      | Noticed Terence
   955 | D:2      | Reached XP level 4. HP: 29/32 MP: 1/7
  1121 | D:2      | Noticed Natasha
  1732 | D:3      | Learned a level 2 spell: Passwall
  1750 | D:3      | Reached skill level 5 in Conjurations
  1750 | D:3      | Reached XP level 5. HP: 36/38 MP: 4/8
  1752 | D:3      | Reached skill level 1 in Earth Magic
  1753 | D:3      | Reached skill level 1 in Transmutations
  1898 | D:3      | Found a sparkling altar of Nemelex Xobeh.
  1944 | D:3      | Noticed an ogre
  1949 | D:3      | Killed an ogre
  1950 | D:3      | Reached skill level 2 in Earth Magic
  1950 | D:3      | Reached XP level 6. HP: 44/44 MP: 3/9
  1994 | D:3      | Found a blossoming altar of Fedhas.
  1996 | D:3      | Found an iron altar of Okawaru.
  1996 | D:3      | Found a shimmering altar of Xom.
  1999 | D:3      | Found a glowing silver altar of Zin.
  1999 | D:3      | Found a sparkling altar of Nemelex Xobeh.
  1999 | D:3      | Found an iron altar of Okawaru.
  2133 | D:4      | Learned a level 3 spell: Stone Arrow
  2411 | D:4      | Noticed Blork the orc
  2473 | D:4      | Noticed Menkaure
  2747 | D:4      | Reached skill level 3 in Earth Magic
  3021 | D:4      | Reached skill level 1 in Armour
  3021 | D:4      | Reached XP level 7. HP: 50/50 MP: 6/10
  3024 | D:4      | Found Durej's Magic Scroll Emporium.
  3031 | D:4      | Bought a scroll of magic mapping for 42 gold pieces
  3500 | D:5      | Entered Level 5 of the Dungeon
  3500 | D:5      | Found a bloodstained altar of Trog.
  3565 | D:4      | Bought a scroll of magic mapping for 42 gold pieces
  3565 | D:4      | Bought a scroll of identify for 24 gold pieces
  3647 | D:5      | Found a glowing golden altar of the Shining One.
  3647 | D:5      | Found a white marble altar of Elyvilon.
  3647 | D:5      | Found a glowing silver altar of Zin.
  3664 | D:6      | Noticed Eustachio
  3964 | D:6      | Found a hazy altar of Hepliaklqana.
  3980 | D:6      | Noticed Grinder
  4214 | D:6      | Found a staircase to the Ecumenical Temple.
  4257 | D:6      | Found an iron altar of Okawaru.
  4261 | Temple   | Entered the Ecumenical Temple
  4353 | Temple   | Became a worshipper of Kikubaaqudgha
  4531 | D:4      | Killed Menkaure
  4621 | D:2      | Killed Natasha
  4712 | D:2      | Noticed Natasha
  4748 | D:2      | Killed Terence
  4776 | D:2      | Killed Natasha
  4811 | D:2      | Reached XP level 8. HP: 48/56 MP: 4/13
  4959 | D:2      | Noticed Natasha
  4967 | D:2      | Killed Natasha
  5012 | D:3      | Killed Blork the orc
  5048 | D:5      | Reached skill level 1 in Necromancy
  5203 | D:5      | Reached skill level 1 in Polearms
  5313 | D:5      | Killed Grinder
  5545 | D:5      | Reached skill level 5 in Spellcasting
  5656 | D:5      | Killed Eustachio
  5657 | D:5      | Reached XP level 9. HP: 53/61 MP: 6/17
  5971 | D:5      | Reached * piety under Kikubaaqudgha
  5971 | D:5      | Received a gift from Kikubaaqudgha
  5979 | D:5      | Learned a level 2 spell: Sublimation of Blood
  5983 | D:5      | Learned a level 3 spell: Vampiric Draining
  6186 | D:6      | Reached skill level 5 in Necromancy
  6275 | D:6      | Noticed ardl's ghost (amateur GrMo)
  6356 | D:6      | Found Byw Qiac's Jewellery Shop.
  6656 | D:6      | Found a runed translucent gate.
  6656 | D:6      | Found a runed translucent gate.
  6656 | D:6      | Found a runed translucent gate.
  6860 | D:6      | Reached XP level 10. HP: 62/67 MP: 6/20
  6932 | D:6      | You fall into a shaft and drop 3 floors!
  7031 | D:9      | Found a staircase to the Orcish Mines.
  7264 | D:9      | Reached ** piety under Kikubaaqudgha
  7357 | D:9      | Found a shadowy altar of Dithmenos.
  7424 | D:9      | Noticed a two-headed ogre
  7475 | D:9      | Killed a two-headed ogre
  7864 | D:8      | Noticed a two-headed ogre
  7903 | D:8      | Killed a two-headed ogre
  7959 | D:8      | Reached skill level 5 in Armour
  7991 | D:8      | Found a staircase to the Lair.
  7998 | D:8      | Identified the +7 spear "Mocepi" {antimagic, rC++ Will+}
  8043 | D:8      | Reached skill level 5 in Fighting
  8043 | D:8      | Reached skill level 4 in Earth Magic
  8043 | D:8      | Reached XP level 11. HP: 68/79 MP: 15/21
  8048 | D:8      | Reached skill level 5 in Earth Magic
  8056 | D:8      | Reached skill level 6 in Earth Magic
  8298 | D:8      | Noticed a lindwurm
  8310 | D:8      | Noticed a lindwurm
  8339 | D:8      | Noticed a lindwurm
  8339 | D:8      | Noticed a lindwurm
  8390 | D:7      | Found a hide-covered altar of Uskayaw.
  8399 | D:7      | Reached skill level 7 in Earth Magic
  8512 | D:7      | Found a stormy altar of Qazlal.
  8696 | D:6      | Reached skill level 8 in Earth Magic
  9100 | D:7      | Found a basalt altar of Yredelemnul.
  9390 | D:7      | Reached skill level 1 in Shields
  9480 | D:7      | Reached *** piety under Kikubaaqudgha
  9480 | D:7      | Received a gift from Kikubaaqudgha
  9486 | D:7      | Learned a level 4 spell: Dispel Undead
  9492 | D:7      | Learned a level 5 spell: Borgnjor's Vile Clutch
 10119 | D:6      | Killed ardl's ghost
 10273 | D:8      | Killed a lindwurm
 10274 | D:8      | Reached skill level 9 in Earth Magic
 10543 | D:10     | Entered Level 10 of the Dungeon
 10553 | D:10     | Noticed a two-headed ogre
 10563 | D:10     | Noticed a two-headed ogre
 10582 | D:10     | Killed a two-headed ogre
 10615 | D:10     | Killed a two-headed ogre
 10616 | D:10     | Reached skill level 5 in Shields
 10651 | D:10     | Noticed a two-headed ogre
 10679 | D:10     | Killed a two-headed ogre
 10686 | D:10     | Found a broken altar of Ashenzari.
 10865 | D:10     | Reached XP level 12. HP: 82/86 MP: 14/24
 12065 | Orc:1    | Entered Level 1 of the Orcish Mines
 12117 | Orc:1    | Reached **** piety under Kikubaaqudgha
 12133 | Orc:1    | Found Onuchiqi's Overcharged Wands.
 12256 | Orc:1    | Noticed an ettin
 12263 | Orc:1    | Noticed a two-headed ogre
 12268 | Orc:1    | Noticed an ogre mage
 12278 | Orc:1    | Killed an ogre mage
 12281 | Orc:1    | Killed an ettin
 12282 | Orc:1    | Reached skill level 10 in Shields
 12296 | Orc:1    | Killed a two-headed ogre
 12772 | Orc:1    | Reached XP level 13. HP: 64/91 MP: 6/25
 12907 | Orc:1    | Found Teuqa's Jewellery Emporium.
 13167 | Orc:1    | Noticed a stone giant
 13167 | Orc:1    | Noticed an ettin
 13248 | Orc:1    | Killed an ettin
 13472 | Orc:1    | Killed a stone giant
 13514 | Orc:1    | Found the +6 arbalest "Damnation" {damnation}
 13529 | Orc:1    | Identified the +6 whip of Dishonesty {vorpal, Will++ Str+6
                  | Stlth-}
 13586 | Orc:1    | Reached skill level 15 in Shields
 13598 | Orc:1    | Reached ***** piety under Kikubaaqudgha
 13652 | Orc:2    | Entered Level 2 of the Orcish Mines
 13821 | Orc:2    | Reached skill level 10 in Earth Magic
 13827 | Orc:2    | Found a staircase to the Elven Halls.
 13932 | Orc:2    | Found Kaoxzoy's Jewellery Boutique.
 14072 | Orc:2    | Found Busicrof's General Store.
 14139 | Orc:2    | Found a runed translucent gate.
 14219 | Orc:2    | Noticed a minotaur
 14222 | Orc:2    | Noticed Tiber's ghost (journeyman DsFi)
 14239 | Orc:2    | Found a runed translucent gate.
 14239 | Orc:2    | Found a runed translucent gate.
 14397 | Orc:2    | Found Ziceoth's Weapon Shop.
 14491 | Orc:2    | Reached skill level 11 in Earth Magic
 14692 | Orc:2    | Noticed an orc warlord
 14820 | Orc:2    | Reached skill level 12 in Earth Magic
 14858 | Orc:2    | Killed an orc warlord
 15394 | Orc:2    | Reached XP level 14. HP: 98/98 MP: 19/26
 15575 | Orc:2    | Reached ****** piety under Kikubaaqudgha
 15590 | Orc:1    | Received a gift from Kikubaaqudgha
 15592 | Orc:1    | Fell from the grace of Kikubaaqudgha
 15614 | Orc:2    | Noticed an orc warlord
 15637 | Orc:2    | Killed an orc warlord
 15676 | Orc:2    | Found Sofat's Antique Armour Emporium.
 15683 | Orc:2    | Found Efyiff's Antique Weapon Shoppe.
 15960 | D:12     | Reached skill level 13 in Earth Magic
 16143 | D:12     | Reached skill level 14 in Earth Magic
 16540 | D:12     | Noticed Josephine
 16600 | D:12     | Killed Josephine
 17056 | Temple   | Became a worshipper of Gozag Ym Sagoz the Greedy
 17070 | D:6      | You fall into a shaft and drop 1 floor!
 17073 | D:7      | You fall into a shaft and drop 2 floors!
 17076 | D:9      | You fall into a shaft and drop 1 floor!
 17128 | D:13     | Found Yfic's Antique Armour Shop.
 17179 | D:13     | Found a gate leading to a gauntlet.
 17195 | Gauntlet | Entered a Gauntlet
 17195 | Gauntlet | Found a transporter.
 17195 | Gauntlet | Found a transporter.
 17195 | Gauntlet | Found a large runed translucent door.
 17195 | Gauntlet | Found a large runed translucent door.
 17195 | Gauntlet | Found a large runed translucent door.
 17195 | Gauntlet | Found a large runed translucent door.
 17195 | Gauntlet | Found a large runed translucent door.
 17195 | Gauntlet | Found a large runed translucent door.
 17195 | Gauntlet | Found a runed translucent door.
 17195 | Gauntlet | Found a runed translucent door.
 17195 | Gauntlet | Found a large runed translucent door.
 17195 | Gauntlet | Found a large runed translucent door.
 17195 | Gauntlet | Found a large runed translucent door.
 17195 | Gauntlet | Found a large runed translucent door.
 17195 | Gauntlet | Found a large runed translucent door.
 17195 | Gauntlet | Found a large runed translucent door.
 17199 | Gauntlet | Found a transporter.
 17199 | Gauntlet | Found a transporter.
 17200 | Gauntlet | Found a large runed translucent door.
 17200 | Gauntlet | Found a large runed translucent door.
 17200 | Gauntlet | Found a large runed translucent door.
 17200 | Gauntlet | Found a large runed translucent door.
 17204 | Gauntlet | Found a runed translucent gate.
 17204 | Gauntlet | Found a runed translucent gate.
 17204 | Gauntlet | Found a runed translucent gate.
 17209 | Gauntlet | Found a transporter.
 17219 | Gauntlet | Found a transporter.
 17219 | Gauntlet | Found a transporter.
 17245 | Gauntlet | Found a transporter.
 17254 | Gauntlet | Found a transporter.
 17274 | Gauntlet | Found a transporter.
 17294 | Gauntlet | Found a transporter.
 17350 | Gauntlet | Found a transporter.
 17364 | Gauntlet | Found a transporter.
 17377 | Gauntlet | Found a transporter.
 17463 | Gauntlet | Found a transporter.
 17477 | Gauntlet | Found a transporter.
 17730 | Gauntlet | Identified the +0 pair of gloves of a Hundred Beasts {rN+
                  | Dex+2}
 17858 | Gauntlet | Gained mutation: You are weak. (Str -2) [a neqoxec]
 17863 | Gauntlet | Gained mutation: Armour fits poorly on your strangely
                  | shaped body. [a neqoxec]
 17865 | Gauntlet | Reached skill level 15 in Earth Magic
 17967 | Gauntlet | Identified the +0 cloak "Qumublymm" {Will- Int+4}
 17996 | Gauntlet | Identified the +7 falchion "Puakigups" {drain, Fly rN+
                  | Dex+4}
 17996 | Gauntlet | Noticed a minotaur
 18009 | Gauntlet | Killed a minotaur
 18021 | Gauntlet | Got Liabbeis's Almanac of Earthen Transformation
 18703 | D:13     | Bought a pair of ichor-stained boots for 361 gold pieces
 18703 | D:13     | Identified the +3 pair of boots of Coufecoc {rC- Int+4}
                  | (You bought it in a shop on level 13 of the Dungeon)
 18861 | D:13     | Reached XP level 15. HP: 99/107 MP: 20/27
 19121 | D:13     | Reached skill level 5 in Dodging
 20239 | D:14     | Reached skill level 1 in Crossbows
 20458 | D:14     | Noticed Azrael
 20473 | D:14     | Killed Azrael
 20743 | D:14     | Found a gate to the Vaults.
 20894 | D:14     | Found an opulent altar of Gozag.
 21428 | D:15     | Entered Level 15 of the Dungeon
 22072 | D:15     | Found a staircase to the Depths.
 22072 | D:15     | Was forgiven by Kikubaaqudgha
 22212 | D:15     | Found an iron altar of Okawaru.
 22667 | Orc:2    | Killed Tiber's ghost
 22887 | D:4      | Bought a scroll of torment for 90 gold pieces
 22887 | D:4      | Bought a scroll of acquirement for 624 gold pieces
 22887 | D:4      | Bought a scroll of holy word for 90 gold pieces
 23055 | D:8      | Reached XP level 16. HP: 75/120 MP: 15/28
 23069 | D:8      | Got the Handbook of Earthen Moulding
 23178 | Lair:1   | Entered Level 1 of the Lair of Beasts
 23254 | Lair:1   | Reached skill level 1 in Evocations
 23582 | Lair:1   | Found a runed translucent door.
 23582 | Lair:1   | Found a shimmering altar of Xom.
 23582 | Lair:1   | Noticed Kuidesed's ghost (journeyman DrCj)
 23697 | Lair:1   | Reached skill level 1 in Long Blades
 24024 | Lair:1   | Killed Kuidesed's ghost
 24677 | Lair:2   | Reached skill level 5 in Crossbows
 25399 | Lair:3   | Found a runed translucent gate.
 25399 | Lair:3   | Found a runed translucent gate.
 25399 | Lair:3   | Found a runed translucent gate.
 25404 | Lair:3   | Noticed Ixoagrun's ghost (journeyman MiFi)
 25406 | Lair:3   | Found a viscous altar of Jiyva.
 25407 | Lair:3   | Found the +6 Majin-Bo {vamp, MP+6 Int+6}
 25569 | Lair:2   | Killed Ixoagrun's ghost
 25875 | Lair:4   | Found a hole to the Spider Nest.
 25921 | Lair:4   | Found a frozen archway.
 25969 | IceCv    | Entered an ice cave
 26136 | IceCv    | Reached skill level 10 in Fighting
 26136 | IceCv    | Reached skill level 10 in Armour
 26183 | IceCv    | Identified the +9 rapier of Annihilation {vorpal, rCorr}
 26712 | Lair:4   | Found a staircase to the Swamp.
 26757 | Lair:4   | Reached skill level 5 in Evocations
 28061 | Lair:6   | Entered Level 6 of the Lair of Beasts
 28326 | Lair:6   | Reached skill level 10 in Necromancy
 28328 | Lair:6   | Found a runed translucent door.
 28328 | Lair:6   | Found a viscous altar of Jiyva.
 28328 | Lair:6   | Found a staircase to the Slime Pits.
 28328 | Lair:6   | Noticed an acid blob
 28328 | Lair:6   | Noticed an acid blob
 28373 | Lair:6   | Reached XP level 17. HP: 69/128 MP: 7/29
 29618 | Orc:1    | Bought a wand of iceblast (25) for 493 gold pieces
 29624 | Orc:1    | Learned a level 5 spell: Bolt of Magma
 29631 | Orc:1    | Learned a level 6 spell: Statue Form
 29634 | Orc:1    | Learned a level 2 spell: Passwall
 29783 | Swamp:1  | Entered Level 1 of the Swamp
 29811 | Spider:1 | Entered Level 1 of the Spider Nest
 30316 | Spider:1 | Reached skill level 5 in Transmutations
 30872 | Spider:1 | Found a transporter.
 30886 | Spider:1 | Noticed Vuykkinei's ghost (adept TrBe)
 30893 | Spider:1 | Found a transporter.
 30948 | Spider:1 | Found the amulet of Vitality {Regen+ HP+15}
 31453 | Spider:2 | Reached skill level 16 in Earth Magic
 31763 | Spider:3 | Reached XP level 18. HP: 134/134 MP: 26/31
 31835 | Spider:3 | Noticed Nikola
 31853 | Spider:3 | Killed Nikola
 32032 | Spider:3 | Identified the +1 ring mail "Zenust" {rC+}
 32068 | Spider:3 | Reached skill level 10 in Spellcasting
 32154 | Spider:3 | Identified the +1 chain mail of Defiance {*Corrode rN++
                  | Slay+5 SInv}
 32481 | Spider:4 | Entered Level 4 of the Spider Nest
 32792 | Spider:4 | Reached skill level 17 in Earth Magic
 33148 | Spider:4 | Reached skill level 18 in Earth Magic
 34002 | Spider:4 | Got a gossamer rune of Zot
 34258 | Spider:1 | Reached XP level 19. HP: 78/140 MP: 23/33
 34423 | Spider:1 | Killed Vuykkinei's ghost
 35140 | Swamp:1  | Identified Roxanne's Incunabulum of Shape Shifting
 35140 | Swamp:1  | Noticed Roxanne
 35148 | Swamp:1  | Killed Roxanne
 35778 | Swamp:2  | Noticed Frances
 35789 | Swamp:2  | Killed Frances
 35790 | Swamp:2  | Reached skill level 15 in Necromancy
 36352 | Swamp:2  | Gained mutation: You are somewhat resistant to further
                  | mutation. [potion of mutation]
 36352 | Swamp:2  | Gained mutation: You are covered in fur. (AC +1) [potion of
                  | mutation]
 36352 | Swamp:2  | Gained mutation: Your spells are a little easier to cast,
                  | but a little less powerful. [potion of mutation]
 36352 | Swamp:2  | Gained mutation: Your mind is acute. (Int +2) [potion of
                  | mutation]
 36353 | Swamp:2  | Lost mutation: You are somewhat resistant to further
                  | mutation. [potion of mutation]
 36353 | Swamp:2  | Lost mutation: You are weak. (Str -2) [potion of mutation]
 36353 | Swamp:2  | Gained mutation: You are partially covered in large bone
                  | plates. (SH +4) [potion of mutation]
 36353 | Swamp:2  | Gained mutation: You have an increased reservoir of magic.
                  | (+10% MP) [potion of mutation]
 36363 | Swamp:2  | Learned a level 8 spell: Necromutation
 36406 | Swamp:3  | Noticed Bai Suzhen
 36423 | Swamp:3  | Killed Bai Suzhen
 36589 | Swamp:3  | Noticed Aizul
 36600 | Swamp:3  | Killed Aizul
 36683 | Swamp:3  | Reached skill level 10 in Transmutations
 37093 | Swamp:3  | Found an ancient bone altar of Kikubaaqudgha.
 37100 | Swamp:3  | Reached XP level 20. HP: 91/147 MP: 6/37
 37126 | Swamp:3  | Got the Incunabulum of Stolen Souls
 37183 | Swamp:4  | Entered Level 4 of the Swamp
 37183 | Swamp:4  | Found a transporter.
 37207 | Swamp:4  | Found a transporter.
 37211 | Swamp:4  | Found a bloodstained altar of Trog.
 37211 | Swamp:4  | Noticed Amet's ghost (journeyman MiBe)
 37257 | Swamp:4  | Found a shimmering altar of Xom.
 37788 | Swamp:4  | Got the Almanac of Heat and Venom
 38341 | Swamp:4  | Got a decaying rune of Zot
 38497 | Swamp:4  | Killed Amet's ghost
 38668 | Swamp:4  | Lost mutation: Your mind is acute. (Int +2) [potion of
                  | mutation]
 38668 | Swamp:4  | Lost mutation: Armour fits poorly on your strangely shaped
                  | body. [potion of mutation]
 38668 | Swamp:4  | Lost mutation: You are partially covered in large bone
                  | plates. (SH +4) [potion of mutation]
 38668 | Swamp:4  | Gained mutation: You are partially covered in iridescent
                  | scales. (AC +2) [potion of mutation]
 38668 | Swamp:4  | Gained mutation: You occasionally shout uncontrollably at
                  | your foes. [potion of mutation]
 38668 | Swamp:4  | Gained mutation: You do not regenerate when monsters are
                  | visible. [potion of mutation]
 38764 | Lair:4   | Lost mutation: You occasionally shout uncontrollably at
                  | your foes. [potion of mutation]
 38764 | Lair:4   | Lost mutation: Your spells are a little easier to cast, but
                  | a little less powerful. [potion of mutation]
 38764 | Lair:4   | Gained mutation: Your system is resistant to poisons.
                  | (rPois) [potion of mutation]
 38986 | Vaults:1 | Entered Level 1 of the Vaults
 39461 | Vaults:1 | Reached skill level 1 in Staves
 40163 | Vaults:1 | Found Zeshaas's Distillery.
 40169 | Vaults:1 | Bought a potion of curing for 51 gold pieces
 40169 | Vaults:1 | Bought a potion of curing for 51 gold pieces
 40169 | Vaults:1 | Bought a potion of curing for 51 gold pieces
 40169 | Vaults:1 | Bought a potion of cancellation for 136 gold pieces
 40169 | Vaults:1 | Bought a potion of invisibility for 136 gold pieces
 40169 | Vaults:1 | Bought a potion of mutation for 136 gold pieces
 40169 | Vaults:1 | Bought a potion of mutation for 136 gold pieces
 40206 | Vaults:1 | Lost mutation: You do not regenerate when monsters are
                  | visible. [potion of mutation]
 40206 | Vaults:1 | Lost mutation: You are partially covered in iridescent
                  | scales. (AC +2) [potion of mutation]
 40206 | Vaults:1 | Gained mutation: Your spells are a little harder to cast,
                  | but a little more powerful. [potion of mutation]
 40206 | Vaults:1 | Gained mutation: You are frail. (-10% HP) [potion of
                  | mutation]
 40572 | Vaults:2 | Identified the +0 tower shield of the Robin {Rampage rF+++
                  | MP-9 Stlth+}
 40572 | Vaults:2 | Noticed Mennas
 40856 | Vaults:2 | Found a magical portal.
 40877 | WizLab   | Entered The Hall of the Hellbinder
 40949 | WizLab   | Reached XP level 21. HP: 95/137 MP: 15/38
 41377 | WizLab   | Identified the +10 lajatang of Etzus {vamp, Int+2}
 41377 | WizLab   | Noticed Begog
 41620 | WizLab   | Killed Begog the Hellbinder
 41627 | WizLab   | Found a burning altar of Makhleb.
 41638 | WizLab   | Identified the ring of Dim Light {rC+ rN+ Str+6 Int+3}
 41640 | WizLab   | Identified the +2 robe of Hide-and-Seek {rC+ Will+ rCorr}
 41647 | WizLab   | Got Numajaj's Tome of the Escort
 41675 | WizLab   | Identified the +1 plate armour of the Grue {rElec Regen+
                  | Slay+2}
 42368 | Vaults:2 | Killed Mennas
 42711 | Vaults:2 | Reached skill level 15 in Transmutations
 42885 | Vaults:2 | Found a staircase to the Crypt.
 43347 | Vaults:3 | Reached XP level 22. HP: 143/143 MP: 31/39
 44314 | Vaults:3 | Found Usagh's Armour Shop.
 45116 | Vaults:4 | Noticed Boris
 45123 | Vaults:4 | Killed Boris
 45309 | Vaults:4 | Reached XP level 23. HP: 148/148 MP: 7/40
 46061 | Vaults:4 | Found Sowudde's Distillery.
 46065 | Vaults:4 | Bought a potion of brilliance for 48 gold pieces
 46065 | Vaults:4 | Bought a potion of brilliance for 48 gold pieces
 46065 | Vaults:4 | Bought a potion of brilliance for 48 gold pieces
 46065 | Vaults:4 | Bought a potion of brilliance for 48 gold pieces
 46065 | Vaults:4 | Bought a potion of brilliance for 48 gold pieces
 46065 | Vaults:4 | Bought 2 potions of curing for 72 gold pieces
 46065 | Vaults:4 | Bought a potion of curing for 36 gold pieces
 46065 | Vaults:4 | Bought a potion of curing for 36 gold pieces
 46065 | Vaults:4 | Bought a potion of curing for 36 gold pieces
 46065 | Vaults:4 | Bought a potion of curing for 36 gold pieces
 46065 | Vaults:4 | Bought a potion of curing for 36 gold pieces
 46065 | Vaults:4 | Bought a potion of heal wounds for 60 gold pieces
 46065 | Vaults:4 | Bought a potion of heal wounds for 60 gold pieces
 46679 | D:8      | Lost mutation: You have an increased reservoir of magic.
                  | (+10% MP) [potion of mutation]
 46679 | D:8      | Lost mutation: You are covered in fur. (AC +1) [potion of
                  | mutation]
 46679 | D:8      | Gained mutation: You are dopey. (Int -2) [potion of
                  | mutation]
 46679 | D:8      | Gained mutation: Your muscles are strong. (Str +2) [potion
                  | of mutation]
 46679 | D:8      | Gained mutation: Your body sometimes deteriorates upon
                  | taking damage. [potion of mutation]
 46680 | D:8      | Lost mutation: You are frail. (-10% HP) [potion of
                  | mutation]
 46680 | D:8      | Lost mutation: Your system is resistant to poisons. (rPois)
                  | [potion of mutation]
 46680 | D:8      | Gained mutation: You are very dopey. (Int -4) [potion of
                  | mutation]
 46680 | D:8      | Gained mutation: You sometimes lose the ability to read
                  | scrolls when taking damage. [potion of mutation]
 46680 | D:8      | Gained mutation: You are clumsy. (Dex -2) [potion of
                  | mutation]
 46693 | D:8      | Learned a level 3 spell: Conjure Flame
 46772 | Elf:1    | Entered Level 1 of the Elven Halls
 46802 | Elf:1    | Reached skill level 1 in Fire Magic
 46914 | Elf:1    | Got the Almanac of Companions
 46955 | Elf:1    | Lost mutation: You are very dopey. (Int -4) [potion of
                  | mutation]
 46955 | Elf:1    | Lost mutation: Your spells are a little harder to cast, but
                  | a little more powerful. [potion of mutation]
 46955 | Elf:1    | Gained mutation: Armour fits poorly on your strangely
                  | shaped body. [potion of mutation]
 46955 | Elf:1    | Gained mutation: You evolve. [potion of mutation]
 47491 | Elf:1    | Identified the +5 hand crossbow of the Hills {flame, *Slow
                  | Str+4 Dex+3}
 47507 | Elf:1    | Learned a level 3 spell: Frozen Ramparts
 47778 | Elf:2    | Reached skill level 1 in Ice Magic
 47796 | Elf:2    | Lost mutation: Your body sometimes deteriorates upon taking
                  | damage. [potion of mutation]
 47796 | Elf:2    | Lost mutation: You sometimes lose the ability to read
                  | scrolls when taking damage. [potion of mutation]
 47796 | Elf:2    | Lost mutation: You are clumsy. (Dex -2) [potion of
                  | mutation]
 47796 | Elf:2    | Gained mutation: You are partially covered in iridescent
                  | scales. (AC +2) [potion of mutation]
 47796 | Elf:2    | Lost mutation: Armour fits poorly on your strangely shaped
                  | body. [potion of mutation]
 47796 | Elf:2    | Gained mutation: Your magical capacity is low. (-10% MP)
                  | [potion of mutation]
 47796 | Elf:2    | Gained mutation: You possess an exceptional clarity of
                  | mind. [potion of mutation]
 47801 | Elf:2    | Noticed Donald
 47854 | Elf:2    | Killed Donald
 47908 | Elf:2    | Identified the +6 quarterstaff "Mixeuca" {holy, rElec
                  | Dex+3}
 48049 | Elf:2    | Found a runed translucent gate.
 48049 | Elf:2    | Found a runed translucent gate.
 48049 | Elf:2    | Found a runed translucent gate.
 48049 | Elf:2    | Found a runed translucent gate.
 48049 | Elf:2    | Found a runed translucent gate.
 48051 | Elf:2    | Found a runed translucent gate.
 48140 | Elf:2    | Found a huge runed translucent gate.
 48140 | Elf:2    | Found a huge runed translucent gate.
 48140 | Elf:2    | Found a huge runed translucent gate.
 48141 | Elf:2    | Found a huge runed translucent gate.
 48142 | Elf:2    | Found a huge runed translucent gate.
 48222 | Elf:2    | Identified the +7 long sword "Zuxtur" {venom, rElec rPois
                  | Dex-5 SInv}
 48575 | Elf:2    | Reached XP level 24. HP: 172/172 MP: 18/33
 48725 | Elf:2    | Reached skill level 5 in Fire Magic
 48747 | Elf:2    | Noticed Louise
 48796 | Elf:2    | Killed Louise
 49062 | Elf:3    | Entered Level 3 of the Elven Halls
 49229 | Elf:3    | Found Ceaffiwn's Antique Armour Shop.
 49241 | Elf:3    | Found Xaegemir's Magic Scroll Shop.
 49241 | Elf:3    | Found Valer's Armour Boutique.
 49243 | Elf:3    | Found Papan's Book Shop.
 49247 | Elf:3    | Found Levuazun's Jewellery Boutique.
 49250 | Elf:3    | Bought a scroll of identify for 30 gold pieces
 49250 | Elf:3    | Bought a scroll of identify for 30 gold pieces
 49284 | Elf:3    | Bought the +1 pair of gloves "Oskiargh" {+Inv Will+ Str-5
                  | Dex+3} for 473 gold pieces
 49359 | Elf:3    | Identified the +9 hand crossbow of Ulu Kefut {penet, rF+}
 49392 | Elf:3    | Found a shimmering altar of Xom.
 49492 | Elf:3    | Reached skill level 5 in Ice Magic
 49630 | Elf:3    | Identified the +10 lajatang of the Lost Curses {speed,
                  | rPois rC- Int+5 SInv}
 49992 | Elf:3    | Identified the +6 scale mail "Qarpheasm" {Slay+5 SInv}
 50122 | Elf:3    | Identified the +4 broad axe "Tattletale" {pain, Contam rC+
                  | Str+3 SInv}
 50126 | Elf:3    | Identified the +7 scimitar "Evvacs" {freeze, Str+3 Int-4
                  | Stlth+}
 50905 | Crypt:1  | Entered Level 1 of the Crypt
 51294 | Crypt:1  | Gained mutation: You expend magic power (3 MP) to
                  | strengthen your wands. [evolution]
 51790 | Crypt:2  | Reached XP level 25. HP: 135/177 MP: 14/33
 51878 | Crypt:2  | Noticed Boris
 51888 | Crypt:2  | Killed Boris
 52032 | Crypt:2  | Reached skill level 10 in Evocations
 52400 | Crypt:3  | Entered Level 3 of the Crypt
 52944 | Crypt:3  | Noticed Jory
 52952 | Crypt:3  | Killed Jory
 53061 | Crypt:3  | Found a staircase to the Tomb.
 53458 | Crypt:3  | Noticed a curse toe
 53468 | Crypt:3  | Killed a curse toe
 53474 | Crypt:3  | Found an ancient bone altar of Kikubaaqudgha.
 53476 | Crypt:3  | Found a basalt altar of Yredelemnul.
 53527 | Crypt:3  | Identified the +10 battleaxe of the Singing Messenger
                  | {speed, Int+4 Dex+5 Stlth+}
 53528 | Crypt:3  | Identified the ring of Jagif {rElec rC- AC+4 Int+5 SInv}
 53551 | Crypt:3  | Identified the +4 mace of Big Damage {freeze, Dex+6}
 53591 | Crypt:3  | Identified the ring "Qicsoiq" {rN+ Dex+4}
 53591 | Crypt:3  | Identified the ring of Piezeffea {rC- rN+ Str+3}
 53591 | Crypt:3  | Identified the ring of Sunlight {rN+ Int+3}
 53612 | Crypt:3  | Identified the +4 rapier "Gaukkiorr" {vorpal, rC+ Dex+2}
 53616 | Crypt:3  | Identified the +5 lajatang of Tenacity {vamp, Will- Int+4
                  | Dex+3}
 53791 | Tomb:1   | Entered Level 1 of the Tomb of the Ancients
 54016 | Tomb:1   | Reached skill level 10 in Ice Magic
 54016 | Tomb:1   | Reached XP level 26. HP: 181/184 MP: 2/33
 54334 | Tomb:1   | Noticed a royal mummy
 54344 | Tomb:1   | Killed a royal mummy
 54949 | Tomb:1   | Learned a level 9 spell: Shatter
 55913 | Tomb:1   | Noticed a royal mummy
 55920 | Tomb:1   | Noticed a royal mummy
 55951 | Tomb:1   | Killed a royal mummy
 55962 | Tomb:1   | Noticed a royal mummy
 55964 | Tomb:1   | Killed a royal mummy
 56021 | Tomb:1   | Killed a royal mummy
 56103 | Tomb:1   | Noticed a royal mummy
 56112 | Tomb:1   | Killed a royal mummy
 56142 | Tomb:1   | Noticed a royal mummy
 56149 | Tomb:1   | Noticed a royal mummy
 56150 | Tomb:1   | Noticed a royal mummy
 56154 | Tomb:1   | Noticed a royal mummy
 56154 | Tomb:1   | Noticed a royal mummy
 56155 | Tomb:1   | Killed a royal mummy
 56192 | Tomb:1   | Killed a royal mummy
 56200 | Tomb:1   | Killed a royal mummy
 56244 | Tomb:1   | Noticed a royal mummy
 56256 | Tomb:1   | Killed a royal mummy
 56262 | Tomb:1   | Killed a royal mummy
 56347 | Crypt:3  | Reached skill level 19 in Earth Magic
 56386 | Tomb:1   | Killed a royal mummy
 56415 | Tomb:1   | Noticed a royal mummy
 56423 | Tomb:1   | Noticed a royal mummy
 56423 | Tomb:1   | Noticed a royal mummy
 56437 | Tomb:1   | Noticed a royal mummy
 56456 | Tomb:1   | Killed a royal mummy
 56456 | Tomb:1   | Killed a royal mummy
 56497 | Tomb:1   | Killed a royal mummy
 56537 | Tomb:1   | Noticed a royal mummy
 56599 | Tomb:1   | Killed a royal mummy
 56658 | Tomb:1   | Killed a royal mummy
 56659 | Tomb:1   | Reached XP level 27. HP: 177/190 MP: 29/35
 56682 | Tomb:1   | Noticed a royal mummy
 56695 | Tomb:1   | Killed a royal mummy
 56781 | Tomb:1   | Noticed a royal mummy
 56790 | Tomb:1   | Killed a royal mummy
 56820 | Tomb:1   | Noticed a royal mummy
 56824 | Tomb:1   | Noticed a royal mummy
 56826 | Tomb:1   | Noticed a royal mummy
 56827 | Tomb:1   | Killed a royal mummy
 56840 | Tomb:1   | Killed a royal mummy
 56841 | Tomb:1   | Reached skill level 20 in Earth Magic
 56847 | Tomb:1   | Killed a royal mummy
 57075 | Tomb:2   | Noticed a royal mummy
 57077 | Tomb:2   | Noticed a royal mummy
 57077 | Tomb:2   | Noticed a royal mummy
 57079 | Tomb:2   | Noticed a royal mummy
 57082 | Tomb:2   | Noticed Boris
 57089 | Tomb:2   | Killed a royal mummy
 57097 | Tomb:2   | Killed a royal mummy
 57105 | Tomb:2   | Killed a royal mummy
 57198 | Tomb:2   | Killed a royal mummy
 57203 | Tomb:2   | Killed Boris
 57310 | Tomb:2   | Reached skill level 21 in Earth Magic
 58001 | Tomb:3   | Entered Level 3 of the Tomb of the Ancients
 58030 | Tomb:3   | Reached skill level 15 in Spellcasting
 58048 | Tomb:3   | Noticed a royal mummy
 58050 | Tomb:3   | Noticed a royal mummy
 58055 | Tomb:3   | HP: 7/205 [bennu (17)]
 58055 | Tomb:3   | Slain by a bennu

Illustrated notes

Levels and vault maps discovered:
D:1:      dpeg_arrival_arbitrary_b, layout_rooms, kennysheep_crisscross,
          kennysheep_flooded_box
D:2:      layout_loops_ring, shapermc_ecumenical_altar_starsandcircs,
          kennysheep_generic_room_15, uniq_natasha, uniq_terence
D:3:      layout_basic, doesnt_xom_only_xom, nemelex_diamond_rough_becter
D:4:      black_bear_nest_2, layout_basic, serial_shops, shop,
          grunt_ministairs_5, uniq_blork_the_orc, uniq_menkaure
D:5:      layout_gridville, good_gods_mini_temple, mainiacjoe_overflow_catwalk,
          hangedman_abyss_or_decor_passed
D:6:      minmay_diamond_boxcup, layout_loops_ring, lemuel_crystal_altar,
          worldfamousw_hep_ancestral_shrine, temple_fountains,
          gammafunk_ghost_icy, serial_shops, nicolae_inconvenience_store,
          nrook_loot_triangle, chequers_serial_rivers_small_a,
          hangedman_abyss_or_decor_slice, uniq_eustachio, uniq_grinder
D:7:      layout_basic, mainiacjoe_overflow_surrounded_room,
          lemuel_mausoleum_altar_yredelemnul, nicolae_uskayaw_dance_studio,
          minivault_14
D:8:      layout_cave_pools, lair_entry_dummy, minmay_lindwurm_lava
D:9:      layout_big_octagon, nicolae_dithmenos_the_darkroom, orc_0_dummy
D:10:     layout_irregular_city, mainiacjoe_overflow_alcove_4,
          serial_bayou_pond_a
D:11:     layout_cave_pools, minmay_misc_feat_roman
D:12:     layout_long_grid, uniq_josephine
D:13:     cheibrodos_frozen_isle, layout_basic, gauntlet_entry_generic,
          serial_shops, shop, chequers_serial_rivers_micro_a,
          david_defended_altar_orc
D:14:     layout_stronghold, david_vaults_1, grunt_gozag_breadcrumbs,
          uniq_azrael
D:15:     hangedman_depths_entry_civil_slaughter, layout_cave_pools,
          lemuel_coloured_pillars_altar
Temple:   dpeg_three_leaves_temple
Lair:1:   layout_loops_ring, ebering_ghost_xom
Lair:2:   layout_gridlike, chequers_serial_rivers_room_a, grunt_megastairs_3
Lair:3:   layout_gridlike, gammafunk_ghost_ooze, lemuel_fruit_tree
Lair:4:   layout_regular_city, minmay_swamp_entry_wisps, dummy_spider_entry,
          portal_ice_cave_demonic_guard
Lair:5:   wander_river, layout_concentric_octagons, minmay_holes,
          wad_woods_road_02, minmay_hedge_maze
Lair:6:   minmay_lair_end_frog_pond, layout_long_grid, slime_altar_2,
          serial_bayou_ford_a, serial_bayou_lagoon_b
Swamp:1:  layout_basic_swamp, hangedman_swamp_ruin_hall, uniq_roxanne
Swamp:2:  layout_basic_swamp, nicolae_swamp_some_circles, swamp_pool4,
          grunt_witch_cave, uniq_frances
Swamp:3:  cheibrodos_swamp_tower_of_moss, layout_basic_swamp,
          nicolae_swamp_decorative_isthmus, swamp_pool1, beargit_kiku_chapel,
          uniq_aizul, uniq_bai_suzhen
Swamp:4:  swamp_icy, layout_basic_swamp, gammafunk_ghost_wrathful_warriors,
          swamp_pool3, lemuel_altar_in_water
Spider:1: layout_spider_delve, gammafunk_ghost_arena
Spider:2: layout_spider_delve
Spider:3: layout_spider_delve, hangedman_spider_mandibles,
          nicolae_spider_webbed_stairs, uniq_nikola
Spider:4: grunt_spider_rune_island, nicolae_spider_twisty_arc_passages
Orc:1:    giant_chief_lemuel, layout_caves, serial_shops, shop_coins,
          nicolae_shop_overcharged_wands
Orc:2:    grunt_orc_community_town_hall, layout_caves,
          grunt_orc_community_big_house_1, grunt_orc_community_big_house_1,
          grunt_orc_community_house_1, grunt_orc_community_house_2,
          grunt_orc_community_house_2, grunt_orc_community_house_3,
          grunt_orc_community_house_2, serial_shops, shop_fountains,
          maelrawn_ghost_gauntlet_escape, nicolae_orc_flooded_monolith,
          nicolae_orc_bridge_out
Elf:1:    eino_elf_arrival_the_gate, layout_gridlike, minmay_elf_demonology,
          minmay_checkered_concentric_circles
Elf:2:    elven_hall_of_blades_hangedman_alternative
          [nicolae_blade_entry_sentries_behind_glass], layout_geoelf_grid,
          orc_legates, uniq_louise, uniq_donald
Elf:3:    minmay_elf_hall_quartered_circle, layout_geoelf_diagonals,
          basic_altar, serial_shops, shop, minmay_shoptagon
Vaults:1: v_alt_pattern_4, nicolae_vaults_puzzle_piece,
          hangedman_vaults_stagger, nicolae_vaults_ninety_degrees,
          ontoclasm_vaults_shuriken, vaults_standard_mumra_enter_the_diamond,
          hangedman_vaults_corner, vaults_room_octagon, nicolae_vaults_big_ls,
          grunt_vaults_focal, v_misc_14, ontoclasm_vaults_misaligned,
          vaults_mumra_chevron, nicolae_vaults_angled_halls,
          nicolae_vaults_rhombus_7, vaults_room_stairs_pillars,
          layout_vaults_omnibox, serial_shops, shop
Vaults:2: vaults_room_octagon, nicolae_vaults_lopsided_apartments, v_misc_10,
          minmay_crypt_entry_simple_round, nicolae_vaults_mini_display_case,
          serial_ice_m, v_rooms_3, nicolae_vaults_network_barrier,
          hangedman_vaults_capsules, layout_vaults_ring,
          infiniplex_enter_wizlab_glasses, uniq_mennas
Vaults:3: vaults_standard_mumra_lines, vaults_dpeg_doors, v_misc_12,
          ontoclasm_vaults_claustrophobia, vaults_room_large_hall,
          vaults_room_grunt_arrival_ludios, ontoclasm_vaults_gateway,
          v_alt_pattern_5, v_alt_pattern_6, vaults_room_pools,
          grunt_vaults_twisty, ontoclasm_vaults_hangar,
          grunt_vaults_hallway_long, layout_vaults_big_cross, serial_shops,
          nicolae_shop_crystal, serial_glass
Vaults:4: v_pattern_2, v_misc_18, vaults_standard_mumra_x, vaults_room_pool,
          layout_vaults_quadrants, serial_shops, shop, uniq_boris
Crypt:1:  layout_gridlike, grunt_crypt_arrival_guarded_gate
Crypt:2:  layout_misc_corridors
Crypt:3:  lightli_unholy_cathedral, layout_chaotic_city,
          nicolae_tomb_entry_unfolded_pyramid_orthogonal, uniq_jory
Tomb:1
Tomb:2
Tomb:3

Skill      XL: |  1  2  3  4  5  6  7  8  9 10 11 12 13 14 15 16 17 18 19 20 21 22 23 24 25 26 27 |
---------------+----------------------------------------------------------------------------------+-----
Conjurations   | 4 5 6 7 8 |  8.0
Fighting       | 1 2 5 6 9 10 | 10.0
Earth Magic    | 2 3 4 9 12 15 16 18 19 21 | 21.5
Transmutations | 2 3 6 9 10 12 15 17 18 19 20 | 20.0
Armour         | 1 2 5 6 9 10 | 10.0
Spellcasting   | 3 5 7 8 9 10 12 15 | 15.0
Necromancy     | 3 7 9 10 12 15 17 18 19 20 | 20.0
Polearms       | 2 3 |  3.0
Dodging        | 3 4 7 |  7.0
Shields        | 6 13 15 18 20 | 20.0
Crossbows      | 4 6 |  6.0
Evocations     | 7 8 9 12 | 12.0
Long Blades    | 3 |  3.0
Staves         | 4 |  4.5
Fire Magic     | 4 7 8 |  8.0
Ice Magic      | 3 7 10 | 10.0
Stealth        | |  2.4

Action                   |  1- 3 |  4- 6 |  7- 9 | 10-12 | 13-15 | 16-18 | 19-21 | 22-24 | 25-27 || total
-------------------------+-------+-------+-------+-------+-------+-------+-------+-------+-------++-------
Melee: Unarmed           |     7 |       |       |       |       |       |       |       |       ||     7
       Dagger            |    32 |    33 |     4 |       |       |       |       |       |       ||    69
       Halberd           |       |       |    24 |     5 |       |       |       |       |       ||    29
       Spear             |       |       |       |   120 |   333 |       |    22 |       |       ||   475
       Great sword       |       |       |       |     1 |       |       |       |       |       ||     1
       Whip              |       |       |       |       |   113 |    23 |       |    25 |       ||   161
       Staff             |       |       |       |       |     3 |     4 |       |       |       ||     7
       Falchion          |       |       |       |       |       |   323 |       |       |       ||   323
       Quarterstaff      |       |       |       |       |       |   244 |   311 |   344 |   365 ||  1264
       Lajatang          |       |       |       |       |       |       |       |    13 |       ||    13
 Fire: Shortbow          |       |       |       |    13 |       |       |       |       |       ||    13
       Arbalest          |       |       |       |       |    18 |    29 |    73 |    61 |       ||   181
       Hand crossbow     |       |       |       |       |       |       |       |     1 |    10 ||    11
 Cast: Magic Dart        |    13 |    18 |    21 |    46 |     6 |       |       |       |       ||   104
       Searing Ray       |     8 |    16 |    49 |    92 |    58 |    14 |     8 |       |       ||   245
       Stone Arrow       |       |       |     1 |       |     1 |       |       |       |       ||     2
       Sublimation of Bl |       |       |       |    18 |    34 |    60 |    99 |    93 |   109 ||   413
       Vampiric Draining |       |       |       |    25 |    42 |    29 |    15 |     3 |       ||   114
       Borgnjor's Vile C |       |       |       |    29 |   194 |   324 |   330 |   373 |   264 ||  1514
       Dispel Undead     |       |       |       |     8 |    23 |    11 |    25 |    22 |    60 ||   149
       Passwall          |       |       |       |       |     1 |       |       |       |       ||     1
       Statue Form       |       |       |       |       |       |     3 |     5 |       |       ||     8
       Bolt of Magma     |       |       |       |       |       |     2 |    35 |    18 |     7 ||    62
       Necromutation     |       |       |       |       |       |       |    13 |     7 |    44 ||    64
       Frozen Ramparts   |       |       |       |       |       |       |       |     4 |     6 ||    10
       Conjure Flame     |       |       |       |       |       |       |       |     3 |     3 ||     6
       Shatter           |       |       |       |       |       |       |       |       |    12 ||    12
Invok: Receive Forbidden |       |       |       |       |     1 |       |       |       |       ||     1
       Renounce Religion |       |       |       |       |     1 |       |       |       |       ||     1
       Potion Petition   |       |       |       |       |       |       |       |     2 |     6 ||     8
 Abil: Dig               |       |     7 |    25 |    24 |    49 |    48 |    13 |    18 |       ||   184
       Shaft Self        |       |       |       |       |     3 |       |       |       |       ||     3
       End Transformatio |       |       |       |       |       |       |    10 |     5 |    23 ||    38
       Evoke Invisibilit |       |       |       |       |       |       |       |     1 |       ||     1
Evoke: Condenser vane    |       |       |       |       |       |     1 |     1 |       |     2 ||     4
       Lightning rod     |       |       |       |       |       |       |       |       |     1 ||     1
  Use: Scroll            |       |       |     4 |     7 |     6 |    17 |     6 |     3 |     2 ||    45
       Potion            |       |       |       |       |     4 |     1 |     5 |     5 |       ||    15
 Stab: Sleeping          |     3 |     2 |     2 |       |       |     5 |       |       |     1 ||    13
       Distracted        |       |     1 |       |       |     1 |     7 |     3 |     1 |     3 ||    16
Armor: Robe              |     9 |     8 |     6 |    16 |       |       |       |    22 |       ||    61
       Steam dragon scal |       |       |       |    14 |    48 |   170 |   133 |    44 |       ||   409
       Skin              |       |       |       |       |       |     8 |    22 |       |       ||    30
       Troll leather arm |       |       |       |       |       |       |       |    29 |   374 ||   403
Dodge: Dodged            |    30 |    23 |    51 |   189 |   172 |   430 |   254 |   191 |   477 ||  1817
Block: Tower shield      |       |       |       |    21 |   433 |   954 |   585 |   513 |   997 ||  3503
       Rpst.: Falchion   |       |       |       |       |       |    45 |       |       |       ||    45
